 Dungeon Crawl Stone Soup version 0.21.0-3-g78d12a8 (webtiles) character file.

137 Monsterracer the Chopper (level 5, 0/44 HPs)
             Began as a Hill Orc Ice Elementalist on Jan 17, 2018.
             Succumbed to a worker ant's poison
             ... on level 3 of the Dungeon.
             The game lasted 00:07:41 (4053 turns).

Monsterracer the Chopper (HOIE)                     Turns: 4053, Time: 00:07:42

Health: 0/44       AC:  7    Str: 12    XL:     5   Next: 20%
Magic:  2/7        EV:  9    Int: 15    God:
Gold:   99         SH:  2    Dex: 11    Spells: 6/7 levels left

rFire    . . .     SeeInvis .   f - +0 hand axe
rCold    . . .     Gourm    .   (no shield)
rNeg     . . .     Faith    .   a - +0 scale mail
rPois    .         Spirit   .   (no helmet)
rElec    .         Reflect  +   (no cloak)
rCorr    .         Harm     .   i - +0 pair of gloves
MR       .....                  (no boots)
Stlth    ..........             q - +2 amulet of reflection
HPRegen  0.14/turn              s - ring of wizardry
MPRegen  0.10/turn              (no ring)

@: lethally poisoned (0 -> -10), very slightly contaminated, hasted, invisible,
very quick
A: no striking features
a: no special abilities


You were on level 3 of the Dungeon.
You were not hungry.

You visited 1 branch of the dungeon, and saw 4 of its levels.

You collected 99 gold pieces.

Inventory:

Hand Weapons
 f - a +0 hand axe (weapon)
Armour
 a - a +0 scale mail (worn)
 i - a +0 pair of gloves (worn)
 p - a +0 chain mail
Jewellery
 d - an uncursed amulet of the gourmand
 q - a +2 amulet of reflection (around neck)
 s - a ring of wizardry (left hand)
Scrolls
 e - a scroll of identify {unknown}
 k - a scroll of teleportation {unknown}
 m - a scroll of enchant armour {unknown}
 n - a scroll of random uselessness {unknown}
Potions
 h - a potion of invisibility
 j - a potion of haste
 l - a potion of agility {unknown}
 o - a potion of brilliance {unknown}
Books
 b - a book of Frost

   Spells                             Type                      Level
   a - Freeze                         Ice                          1
   b - Throw Frost                    Conjuration/Ice              2
   c - Ozocubu's Armour               Charms/Ice                   3
   d - Throw Icicle                   Conjuration/Ice              4
   e - Summon Ice Beast               Ice/Summoning                4
Comestibles
 c - 2 rations


   Skills:
 + Level 2.8 Fighting
 * Level 4.6 Axes
 + Level 1.5 Armour
 - Level 1.5 Dodging
 - Level 1.5 Stealth
 - Level 1.5 Spellcasting
   Level 1.0 Conjurations
 - Level 2.6 Ice Magic


You had 6 spell levels left.
You knew the following spells:

 Your Spells              Type           Power        Failure   Level  Hunger
a - Freeze                Ice            #...         16%         1    ##.....


Dungeon Overview and Level Annotations

Branches:
Dungeon (4/15)
 Temple: D:4-7

Altars:
Cheibriados

Annotations:
D:4 Edmund


Message History

You are lethally poisoned!
The worker ant poisons you!
You take 2 damage, and have 10/37 hp.
You feel better. The worker ant barely misses you. The worker ant misses you.
You regained 5 hp, and now have 15/37 hp.
You are too injured to fight recklessly!
You are too injured to fight recklessly!
You are too injured to fight recklessly!
You are too injured to fight recklessly!
You are too injured to fight recklessly!
Casting: Freeze
Confirm with . or Enter, or press ? or * to list all spells.
Aiming: Freeze
Press: ? - help, Shift-Dir - straight line, f - worker ant
Aim: a worker ant (moderately wounded)
You freeze the worker ant.
The worker ant is heavily wounded.
The worker ant bites you.
* * * LOW HITPOINT WARNING * * *
You take 4 damage, and have 11/37 hp.
You now have 5/6 mp.
Casting: Freeze
Confirm with . or Enter, or press ? or * to list all spells.
Aiming: Freeze
Press: ? - help, Shift-Dir - straight line, f/p - worker ant
Aim: a worker ant (heavily wounded)
You freeze the worker ant.
The worker ant is severely wounded.
The worker ant completely misses you.
You now have 4/6 mp.
Casting: Freeze
Confirm with . or Enter, or press ? or * to list all spells.
Aiming: Freeze
Press: ? - help, Shift-Dir - straight line, f/p - worker ant
Aim: a worker ant (severely wounded)
You freeze the worker ant.
The worker ant is severely wounded.
The worker ant barely misses you.
You now have 3/6 mp.
Casting: Freeze
Confirm with . or Enter, or press ? or * to list all spells.
Aiming: Freeze
Press: ? - help, Shift-Dir - straight line, f/p - worker ant
Aim: a worker ant (severely wounded)
You miscast Freeze.
You are very lightly contaminated with residual magic.
A chill runs through your body. The worker ant bites you.
* * * LOW HITPOINT WARNING * * *
You are poisoned.
The worker ant poisons you!
You take 4 damage, and have 7/37 hp.
You now have 2/6 mp.
Casting: Freeze
Confirm with . or Enter, or press ? or * to list all spells.
Aiming: Freeze
Press: ? - help, Shift-Dir - straight line, f/p - worker ant
Aim: a worker ant (severely wounded)
You miscast Freeze.
You hear a crackling sound.
You feel sick.
The worker ant waves its antennae.
The worker ant bites you.
* * * LOW HITPOINT WARNING * * *
The worker ant barely misses you.
You take 5 damage, and have 2/37 hp.
You now have 1/6 mp.
You feel better. The worker ant bites you.
* * * LOW HITPOINT WARNING * * *
You are poisoned.
The worker ant poisons you!
You regained 9 hp, and now have 11/37 hp.
You barely miss the worker ant.
The worker ant is severely wounded.
You feel sick.
The worker ant bites you but does no damage.
You closely miss the worker ant.
The worker ant is severely wounded.
You feel sick. The worker ant bites you.
* * * LOW HITPOINT WARNING * * *
You are lethally poisoned!
The worker ant poisons you!
You take 3 damage, and have 8/37 hp.
You hit the worker ant.
The worker ant is almost dead.
* * * LOW HITPOINT WARNING * * *
You feel sick. The worker ant bites you.
* * * LOW HITPOINT WARNING * * *
The worker ant bites you.
* * * LOW HITPOINT WARNING * * *
You take 6 damage, and have 2/37 hp.
You slash the worker ant!
You kill the worker ant!
You have reached level 5!
You feel stronger.
* * * LOW HITPOINT WARNING * * *
You feel sick.
You take 1 damage, and have 1/44 hp.
It was a potion of invisibility.
You fade into invisibility!
* * * LOW HITPOINT WARNING * * *
You feel sick.
It was a potion of haste.
You feel yourself speed up.
You die...

#.....#######
#...........#
###.........# #
#.........# #
#....[....# #
#.........#
#.........#
###.........######
..'.........'...@#
###.........####)#
# #.........# #.#
# #.........# #.#
# #.........# #(#
# ########### #(#
# #.# #
#########.# #
#..รท.....(#


There were no monsters in sight!

Vanquished Creatures
  A worker ant (D:3)
  A gnoll (D:1)
  2 adders
  An ooze (D:2)
  2 worms (D:2)
  4 dart slugs
  2 leopard geckos
  7 bats
  7 giant cockroaches
  5 goblins
  5 hobgoblins
  5 jackals
  A quokka (D:2)
  2 ball pythons
  3 frilled lizards
  11 kobolds
  5 rats
64 creatures vanquished.

Notes
Turn   | Place    | Note
-------+----------+-------------------------------------------
     0 | D:1      | Monsterracer the Hill Orc Ice Elementalist began the quest for the Orb.
     0 | D:1      | Reached XP level 1. HP: 14/14 MP: 3/3
    43 | D:1      | Reached skill level 1 in Fighting
   183 | D:1      | Reached XP level 2. HP: 23/24 MP: 0/4
   338 | D:1      | Reached skill level 1 in Axes
   542 | D:1      | Reached skill level 2 in Axes
   551 | D:1      | Reached XP level 3. HP: 25/29 MP: 0/5
  1033 | D:1      | Reached skill level 3 in Axes
  1270 | D:2      | HP: 14/29 [worm (12)]
  1887 | D:2      | Reached XP level 4. HP: 33/36 MP: 6/6
  2335 | D:2      | HP: 16/37 [worm (6)]
  2341 | D:2      | HP: 9/37 [worm (5)]
  2608 | D:1      | Reached skill level 1 in Armour
  2706 | D:2      | Found a snail-covered altar of Cheibriados.
  2711 | D:2      | Reached skill level 4 in Axes
  3719 | D:3      | HP: 8/37 [gnoll/halberd (14)]
  3720 | D:3      | HP: 3/37 [gnoll/halberd (5)]
  3726 | D:3      | HP: 2/37 [adder (2)]
  3742 | D:3      | HP: 7/37 [adder (3)]
  3752 | D:3      | HP: 4/37 [adder (4)]
  4026 | D:4      | Noticed Edmund
  4037 | D:3      | HP: 18/37 [worker ant (5)]
  4042 | D:3      | HP: 11/37 [worker ant (4)]
  4046 | D:3      | HP: 2/37 [worker ant (4)]
  4051 | D:3      | Reached XP level 5. HP: 2/44 MP: 1/7
  4051 | D:3      | HP: 1/44 [poisoned by a worker ant]
  4053 | D:3      | Succumbed to a worker ant's poison

Skill      XL: |  1  2  3  4 |
---------------+-------------+-----
Fighting       | 1 2 |  2.8
Axes           | 2 3 4 |  4.6
Armour         | 1 |  1.5
Dodging        | |  1.5
Stealth        | |  1.5
Spellcasting   | |  1.5
Conjurations   | |  1.0
Ice Magic      | |  2.6

Action                   |  1- 3 |  4- 6 || total
-------------------------+-------+-------++-------
Melee: Unarmed           |    13 |       ||    13
       Dagger            |    53 |       ||    53
       Hand axe          |    36 |   138 ||   174
 Cast: Freeze            |    48 |     9 ||    57
  Use: Scroll            |     2 |       ||     2
       Potion            |       |     5 ||     5
 Stab: Sleeping          |     1 |     1 ||     2
  Eat: Chunk             |     4 |     4 ||     8
       Ration            |       |     1 ||     1
Armor: Robe              |    45 |     6 ||    51
       Scale mail        |       |    46 ||    46
Dodge: Dodged            |    98 |    74 ||   172
Block: Other             |       |     1 ||     1

Vault maps used:
D:1:      lemuel_arrival_river_ford
D:2:      kennysheep_slug_shrine
D:4:      cheibrodos_greedy_goblins, uniq_grinder, uniq_edmund
